 Dungeon Crawl Stone Soup version 0.22-a0-570-g58866f5 (webtiles) character file.

103 royokou the Chopper (level 4, -1/39 HPs)
             Began as a Minotaur Berserker on June 30, 2018.
             Was a Believer of Trog.
             Slain by an iguana (3 damage)
             ... on level 3 of the Dungeon.
             The game lasted 00:02:33 (1347 turns).

royokou the Chopper (Minotaur Berserker)            Turns: 1347, Time: 00:02:33

Health: -1/39      AC:  8    Str: 22    XL:     4   Next: 51%
Magic:  3/3        EV:  8    Int:  5    God:    Trog [**....]
Gold:   69         SH:  0    Dex:  9    Spells: 3/3 levels left

rFire    . . .     SeeInvis .   a - +0 hand axe
rCold    . . .     Gourm    .   (no shield)
rNeg     . . .     Faith    .   k - +0 chain mail
rPois    .         Spirit   .   (helmet restricted)
rElec    .         Reflect  .   (no cloak)
rCorr    .         Harm     .   (no gloves)
MR       .....     Rnd*Tele +   (no boots)
Stlth    ..........             (no amulet)
HPRegen  0.13/turn              f - ring of teleportation (curse)
MPRegen  0.08/turn              n - ring of stealth

@: no status effects
A: retaliatory headbutt, horns 2
a: Berserk, Trog's Hand, Renounce Religion


You were on level 3 of the Dungeon.
You worshipped Trog.
Trog was pleased with you.
You were not hungry.

You visited 1 branch of the dungeon, and saw 3 of its levels.

You collected 69 gold pieces.

Inventory:

Hand Weapons
 a - a +0 hand axe (weapon)
Armour
 b - a +0 animal skin
 k - a +0 chain mail (worn)
Jewellery
 f - a cursed ring of teleportation (left hand)
 n - a ring of stealth (right hand)
Scrolls
 g - 2 scrolls of enchant weapon {unknown}
 h - 2 scrolls of identify
 j - a scroll of fog {unknown}
 l - a scroll of amnesia {unknown}
 m - a scroll of teleportation
 o - a scroll of immolation {unknown}
Potions
 d - a potion of magic {unknown}
 e - 3 potions of curing
 i - a potion of brilliance {unknown}
Comestibles
 c - 4 rations


   Skills:
 - Level 3.6 Fighting
 + Level 6.5 Axes
 - Level 2.4 Armour
 - Level 2.1 Dodging


You had 3 spell levels left.
You didn't know any spells.
Your spell library was empty.

Dungeon Overview and Level Annotations

Branches:
Dungeon (3/15)

Altars:
Dithmenos
Gozag


Innate Abilities, Weirdness & Mutations

You reflexively headbutt those who attack you in melee.
You have a pair of horns on your head.


Message History

There is an escape hatch in the floor here.
The hobgoblin completely misses you. The hobgoblin closely misses you.
You furiously retaliate!
You headbutt the hobgoblin.
The hobgoblin hits you but does no damage.
The hobgoblin closely misses you.
The hobgoblin hits you but does no damage.
The hobgoblin hits you.
* * * LOW HITPOINT WARNING * * *
The hobgoblin hits you but does no damage.
The hobgoblin barely misses you. The hobgoblin hits you.
* * * LOW HITPOINT WARNING * * *
The hobgoblin hits you but does no damage.
The hobgoblin closely misses you. You furiously retaliate!
You headbutt the hobgoblin!
You kill the hobgoblin!
Trog accepts your kill. The iguana bites you.
You die...

#......###.#######
#..†.<.###.#
#........>.#
####.#.##### #.#.#
#.#.# #)#g# #.#l#
#.#@# #.#.# #.#
#.# #.# ..# ...
###


You could see an iguana and a goblin.

Vanquished Creatures
  Robin (D:2)
  4 adders (D:2)
  A worm (D:2)
  2 ball pythons (D:1)
  5 giant cockroaches (D:1)
  12 goblins
  6 hobgoblins
  A jackal (D:2)
  3 kobolds
  A quokka (D:2)
  6 bats
  3 frilled lizards
  6 rats
51 creatures vanquished.

Notes
Turn   | Place    | Note
-------+----------+-------------------------------------------
     0 | D:1      | royokou the Minotaur Berserker began the quest for the Orb.
     0 | D:1      | Reached XP level 1. HP: 19/19 MP: 0/0
    94 | D:1      | Reached skill level 4 in Axes
   104 | D:1      | Reached XP level 2. HP: 15/26 MP: 1/1
   618 | D:2      | Reached skill level 5 in Axes
   618 | D:2      | Reached XP level 3. HP: 31/31 MP: 2/2
   682 | D:2      | Noticed Robin
   685 | D:2      | Reached ** piety under Trog
   694 | D:2      | Killed Robin
   746 | D:2      | Reached skill level 6 in Axes
   746 | D:2      | Reached XP level 4. HP: 38/39 MP: 3/3
   859 | D:2      | Found a faded altar of an unknown god.
  1178 | D:2      | Found an opulent altar of Gozag.
  1179 | D:2      | Found a shadowy altar of Dithmenos.
  1347 | D:3      | Slain by an iguana

Vault maps used:
D:1:      lemuel_arrival_behind_the_door_small
D:2:      gammafunk_temple_overflow_statue, chequers_ecumenical_altar_twisty,
          minmay_tromino_v4_b, uniq_robin
D:3:      bloody_trog, first_ration, led_sif_pool, uniq_sigmund

Skill      XL: |  1  2  3 |
---------------+----------+-----
Axes           | 4 5 6 |  6.5
Fighting       | |  3.6
Armour         | |  2.4
Dodging        | |  2.1

Action                   |  1- 3 |  4- 6 || total
-------------------------+-------+-------++-------
Melee: Hand axe          |    57 |    34 ||    91
       Headbutt          |     9 |     4 ||    13
Invok: Berserk           |     1 |       ||     1
  Use: Scroll            |     3 |       ||     3
       Potion            |     3 |       ||     3
  Eat: Chunk             |       |     2 ||     2
Armor: Animal skin       |    10 |       ||    10
       Chain mail        |    10 |    31 ||    41
Dodge: Dodged            |    27 |    26 ||    53

Table legend:
 A = Spawn XP
 B = Non-spawn XP
 C = Spawn XP percentage of total XP
 D = Spawn monster count
 E = Non-spawn monster count
 F = Spawn count percentage of total count
 G = Total turns spent on level
                    A         B        C        D         E        F      G
               +---------+---------+-------+---------+---------+-------+---------
         Total |       0 |     148 |   0.0 |       0 |      51 |   0.0 |  1347
               +---------+---------+-------+---------+---------+-------+---------
           D:1 |       0 |      31 |   0.0 |       0 |      19 |   0.0 |   603
           D:2 |       0 |     111 |   0.0 |       0 |      29 |   0.0 |   686
           D:3 |       0 |       6 |   0.0 |       0 |       3 |   0.0 |    58
               +---------+---------+-------+---------+---------+-------+---------
